 Dungeon Crawl Stone Soup version 0.29-a0-359-g541a27f54d (webtiles) character file.

Game seed: 15684489327095292952

3833 Lekart the Carver (level 9, -10/78 HPs)
             Began as a Pale Draconian Chaos Knight on Apr 25, 2022.
             Was a Plaything of Xom.
             Mangled by a red ugly thing (20 damage)
             ... on level 8 of the Dungeon on Apr 28, 2022.
             The game lasted 00:21:18 (10686 turns).

Lekart the Carver (Pale Draconian Chaos Knight)    Turns: 10686, Time: 00:21:19

Health: -10/78     AC:  9    Str: 13 (14) XL:     9   Next: 98%
Magic:  16/16      EV: 15    Int:  9      God:    Xom [*.....]
Gold:   480        SH:  8    Dex: 18      Spells: 11/18 levels left

rFire   . . .      SeeInvis .   t - +6 war axe
rCold   . . .      Faith    .   k - +3 buckler of the Lily {rN+ Regen+ Int-3}
rNeg    + . .      Spirit   .   (body armour unavailable)
rPois   +          Reflect  .   (helmet restricted)
rElec   .          Harm     .   (no cloak)
rCorr   .          Rampage  .   d - +1 pair of gloves
Will    .....                   (no boots)
Stlth   ++........              (no amulet)
HPRegen 1.03/turn               g - ring of poison resistance
MPRegen 0.15/turn               (no ring)

@: mighty
A: breathe steam, AC +7, unfitting armour, cold-blooded, steam resistance,
antennae 1, agile 1, screaming 1
a: Breathe Steam, Renounce Religion


You were on level 8 of the Dungeon.
You worshipped Xom.
You were a special plaything of Xom.
You visited 1 branch of the dungeon, and saw 8 of its levels.

You collected 480 gold pieces.

Inventory:

Hand Weapons
 a - a +0 falchion of chaos
 t - a +6 war axe (weapon)
Armour
 d - a +1 pair of gloves (worn)
 k - the +3 buckler of the Lily (worn) {rN+ Regen+ Int-3}
   (You acquired it on level 8 of the Dungeon)

   Int:       It affects your intelligence (-3).
   rN:        It protects you from negative energy.
   Regen:     It increases your rate of health regeneration.
Jewellery
 g - a ring of poison resistance (left hand)
 o - a ring of positive energy
Wands
 r - a wand of acid (5)
 w - a wand of polymorph (7)
Scrolls
 h - a scroll of fog
 i - 4 scrolls of teleportation
Potions
 e - 2 potions of haste
 f - 4 potions of curing
 j - a potion of resistance
 m - 2 potions of invisibility
Miscellaneous
 b - a piece from Xom's chessboard (15/15) (quivered)


   Skills:
 + Level 6.9 Fighting
 + Level 8.5 Long Blades
 + Level 1.6 Axes
 + Level 6.0 Dodging
 + Level 4.1 Shields
 * Level 5.3 Spellcasting
 * Level 3.7 Transmutations
 + Level 0.7 Evocations


You had 11 spell levels left.
You knew the following spells:

 Your Spells              Type           Power      Damage    Failure   Level
a - Dragon Form           Tmut           4%         N/A       100%        7

Your spell library contained the following spells:

 Spells                   Type           Power      Damage    Failure   Level
 Foxfire                  Conj/Fire      8%         2x1d4     30%         1
 Magic Dart               Conj           8%         1d3       30%         1
 Call Imp                 Summ           2%         N/A       43%         2
 Conjure Flame            Conj/Fire      2%         6-21      67%         3
 Inner Flame              Hex/Fire       2%         N/A       67%         3
 Mephitic Cloud           Conj/Pois/Air  2%         N/A       67%         3
 Blade Hands              Tmut           4%         N/A       88%         5
 Flame Wave               Conj/Fire      2%         2d4       97%         4
 Irradiate                Conj/Tmut      2%         3d14      98%         5


Dungeon Overview and Level Annotations

Branches:
Dungeon (8/15)             Temple (0/1) D:7
   Lair: D:8-11

Altars:
Elyvilon
Fedhas
Okawaru
Qazlal
Sif Muna
Uskayaw
Wu Jian
Xom
Zin

Shops:
D:8 (

Annotations:
D:3 exclusion: downstairs


Innate Abilities, Weirdness & Mutations

You can breathe blasts of scalding, opaque steam.
Your pale cyan-grey scales are hard. (AC +7)
You cannot fit into any form of body armour.
You are cold-blooded and may be slowed by cold attacks.
You are immune to the effects of steam.
You have a pair of small antennae on your head.
You are agile. (Dex +2)
You occasionally shout uncontrollably at your foes.


Message History

Aiming: Breathe Steam (1% risk of failure)
Press: ? - help, Shift-Dir - straight line, f - red ugly thing
Aim: a red ugly thing (lightly wounded, 71% to hit)
You exhale a blast of scalding steam.
The ball of steam hits the red ugly thing.
The red ugly thing resists.
The red ugly thing is moderately wounded.
The red ugly thing closely misses you.
You closely miss the red ugly thing.
Your tail-slap misses the red ugly thing.
The red ugly thing is moderately wounded.
The red ugly thing barely misses you.
You hit the red ugly thing.
The red ugly thing is moderately wounded.
The red ugly thing misses you.
You slash the red ugly thing!
Your tail-slap misses the red ugly thing.
The red ugly thing is moderately wounded.
You block the red ugly thing's attack. The red ugly thing tail-slaps you.
You are engulfed in flames!
You slash the red ugly thing!
The red ugly thing is heavily wounded.
The red ugly thing tail-slaps you.
You are engulfed in flames!!
You hit the red ugly thing.
The red ugly thing is heavily wounded.
You block the red ugly thing's attack. The red ugly thing closely misses you.
You feel very mighty all of a sudden. The red ugly thing tail-slaps you.
You are engulfed in flames!
* * * LOW HITPOINT WARNING * * *
You slash the red ugly thing!
The red ugly thing is severely wounded.
You have got your breath back.
You block the red ugly thing's attack.
You hit the red ugly thing.
The red ugly thing is severely wounded.
The red ugly thing tail-slaps you.
* * * LOW HITPOINT WARNING * * *
You are engulfed in flames!!
You die...
Xom chuckles heartily!

## #..### ##......##
##.#### #...$....#
##..###.
#.........##...##..
#..............#... .#
##.$........#.......
..#
#...................
..##............#..#...
#.##.@.........#....#.
#.#.u.........#...###
#............#..##..
##...............###
##...............#.
#..........#......
#.......####......
##...#### #....>. #.###
#......


You could see a red ugly thing.

Vanquished Creatures
  Sigmund (D:2)
  2 yaks (D:8)
  2 wyverns (D:7)
  A steam dragon (D:8)
  Grum (D:8)
  A water moccasin (D:8)
  A water moccasin (shapeshifter) (D:5)
  2 ice beasts (D:5)
  A sky beast (D:7)
  2 orc warriors
  3 black bears
  2 ogres
  A wolf (D:8)
  A boggart (D:4)
  A centaur (D:7)
  2 phantoms
  A gnoll sergeant (D:6)
  A bullfrog (D:6)
  A necrophage (D:5)
  7 wights
  3 howler monkeys
  3 jellies
  A hound (D:4)
  4 orc priests
  2 iguanas
  Natasha (thrice) (D:4)
  11 gnolls
  8 adders
  2 white imps (D:7)
  5 worms
  A dart slug (D:1)
  13 orcs
  15 endoplasms
  6 giant cockroaches
  9 goblins
  4 hobgoblins
  6 jackals
  4 kobolds
  4 quokkas
  8 ball pythons
  5 bats
  4 frilled lizards
  7 rats
162 creatures vanquished.

Vanquished Creatures (others)
  A yak (D:8)
  A wolf (D:8)
2 creatures vanquished.

Grand Total: 164 creatures vanquished

Notes
Turn   | Place    | Note
-------+----------+-------------------------------------------
     0 | D:1      | Lekart the Draconian Chaos Knight began the quest for the
                  | Orb.
     0 | D:1      | Reached XP level 1. HP: 19/19 MP: 1/1
    76 | D:1      | XOM: silly message
   218 | D:1      | XOM: potion effect (invisibility)
   219 | D:1      | Reached XP level 2. HP: 20/26 MP: 2/2
   506 | D:1      | XOM: silly message
   773 | D:1      | Reached XP level 3. HP: 33/33 MP: 3/3
   939 | D:1      | XOM: silly message
  1463 | D:2      | Found a stormy altar of Qazlal.
  1618 | D:2      | Reached XP level 4. HP: 38/40 MP: 5/5
  1718 | D:2      | Reached skill level 1 in Spellcasting
  1740 | D:2      | Noticed Sigmund
  1744 | D:2      | XOM: potion effect (curing)
  1754 | D:2      | Killed Sigmund
  1755 | D:2      | Reached skill level 4 in Long Blades
  1755 | D:2      | Reached XP level 5. HP: 25/47 MP: 5/7
  2068 | D:3      | XOM: 3-stop teleportation journey
  2731 | D:3      | Reached XP level 6. HP: 39/53 MP: 8/8
  2764 | D:3      | XOM: god gift: 22 gold pieces
  2908 | D:4      | Gained mutation: You are frail. (-10% HP) [potion of
                  | mutation]
  2908 | D:4      | Gained mutation: You are very frail. (-20% HP) [potion of
                  | mutation]
  2908 | D:4      | Gained mutation: You passively dampen the noise of your
                  | surroundings. [potion of mutation]
  2909 | D:4      | Lost mutation: You passively dampen the noise of your
                  | surroundings. [potion of mutation]
  2909 | D:4      | Lost mutation: You are very frail. (-20% HP) [potion of
                  | mutation]
  2909 | D:4      | Lost mutation: You are frail. (-10% HP) [potion of
                  | mutation]
  2909 | D:4      | Gained mutation: You are partially covered in large bone
                  | plates. (SH +4) [potion of mutation]
  2921 | D:4      | Reached skill level 5 in Long Blades
  2922 | D:4      | XOM: enchant monster (good)
  2934 | D:4      | XOM: confuse monster(s)
  2944 | D:4      | XOM: chaos upgrade
  2954 | D:4      | XOM: polymorph hound -> boggart
  3132 | D:3      | XOM: summons 3 hostile demons
  3452 | D:4      | XOM: 3-stop teleportation journey
  3453 | D:4      | XOM: snakes to sticks
  3460 | D:4      | XOM: 1-stop teleportation journey
  3467 | D:5      | Entered Level 5 of the Dungeon
  3520 | D:5      | Upgraded the game from 0.29-a0-355-g7276a9ff7f to
                  | 0.29-a0-356-g7bc237e783
  3520 | D:5      | Upgraded the game from 0.29-a0-356-g7bc237e783 to
                  | 0.29-a0-359-g541a27f54d
  3728 | D:4      | Your scales start taking on a pale cyan-grey colour.
  3728 | D:4      | Reached XP level 7. HP: 53/60 MP: 8/10
  3728 | D:4      | Gained mutation: You are immune to the effects of steam.
                  | [Pale Draconian growth]
  3732 | D:4      | Reached skill level 5 in Fighting
  3910 | D:4      | XOM: silly message
  3959 | D:4      | Noticed Natasha
  3963 | D:4      | Killed Natasha
  3964 | D:4      | Reached skill level 1 in Shields
  3987 | D:4      | Noticed Natasha
  3994 | D:4      | Killed Natasha
  4196 | D:4      | XOM: enchant monster (bad)
  4334 | D:4      | Noticed Natasha
  4343 | D:4      | Killed Natasha
  4397 | D:4      | Found a blossoming altar of Fedhas.
  4565 | D:5      | Noticed a glowing shapeshifter
  4565 | D:5      | a hound changed into a glowing shapeshifter
  4565 | D:5      | Noticed a shining eye
  4565 | D:5      | a glowing shapeshifter changed into a shining eye
  4568 | D:5      | Noticed a moth of wrath
  4568 | D:5      | a shining eye changed into a moth of wrath
  4573 | D:5      | Noticed a guardian serpent
  4573 | D:5      | a moth of wrath changed into a guardian serpent
  4574 | D:5      | Noticed a harpy
  4574 | D:5      | a guardian serpent changed into a harpy
  4575 | D:5      | Reached skill level 6 in Long Blades
  4576 | D:5      | XOM: potion effect (curing)
  4576 | D:5      | Noticed a basilisk
  4576 | D:5      | a harpy changed into a basilisk
  4581 | D:5      | a basilisk changed into a water moccasin
  4585 | D:5      | XOM: noise
  4592 | D:5      | Reached XP level 8. HP: 16/69 MP: 11/13
  4646 | D:5      | XOM: divination: magic mapping
  5201 | D:5      | XOM: cast spell 'Leda's Liquefaction'
  5300 | D:5      | Found a white marble altar of Elyvilon.
  5812 | D:5      | XOM: enchant monster (good)
  5851 | D:5      | Reached skill level 7 in Long Blades
  5889 | D:6      | XOM: summons 6 friendly demons
  6053 | D:5      | Learned a level 7 spell: Dragon Form
  6068 | D:5      | XOM: give mutations
  6068 | D:5      | Gained mutation: Your tail ends in a venomous barb. [Xom's
                  | grace]
  6068 | D:5      | Gained mutation: Your skin changes colour to match your
                  | surroundings (Stealth+). [Xom's grace]
  6199 | D:6      | XOM: give mutations
  6199 | D:6      | Gained mutation: Your muscles are strong. (Str +2) [Xom's
                  | mischief]
  6199 | D:6      | Lost mutation: Your tail ends in a venomous barb. [Xom's
                  | mischief]
  6206 | D:6      | XOM: scenery: summon butterflies
  6225 | D:6      | XOM: polymorph butterfly -> adder
  6546 | D:6      | Reached skill level 1 in Transmutations
  6811 | D:6      | Found a hide-covered altar of Uskayaw.
  6825 | D:6      | Found a shimmering blue altar of Sif Muna.
  6826 | D:6      | Found a glowing silver altar of Zin.
  6831 | D:6      | XOM: give mutations
  6831 | D:6      | Lost mutation: Your skin changes colour to match your
                  | surroundings (Stealth+). [Xom's mischief]
  6831 | D:6      | Gained mutation: You sometimes lose the ability to read
                  | scrolls when taking damage. [Xom's mischief]
  6838 | D:6      | Found an iron altar of Okawaru.
  6892 | D:6      | XOM: summons 3 hostile demons
  6913 | D:6      | XOM: scenery: summon butterflies
  7139 | D:6      | XOM: god gift: wand of acid (7)
  7186 | D:6      | XOM: give mutation
  7186 | D:6      | Gained mutation: You are robust. (+10% HP) [Xom's grace]
  7248 | D:6      | Found an ornate altar of the Wu Jian Council.
  7327 | D:6      | XOM: silly message
  7427 | D:6      | Reached skill level 5 in Dodging
  7530 | D:6      | Reached XP level 9. HP: 69/84 MP: 15/15
  7555 | D:6      | XOM: cloud trail
  7840 | D:7      | XOM: silly message
  7912 | D:7      | XOM: potion effect (invisibility)
  8044 | D:7      | XOM: silly message
  8173 | D:7      | Found a staircase to the Ecumenical Temple.
  8209 | D:7      | XOM: give mutations
  8209 | D:7      | Lost mutation: You sometimes lose the ability to read
                  | scrolls when taking damage. [Xom's mischief]
  8209 | D:7      | Lost mutation: Your muscles are strong. (Str +2) [Xom's
                  | mischief]
  8209 | D:7      | Lost mutation: You are robust. (+10% HP) [Xom's mischief]
  8251 | D:7      | Reached skill level 8 in Long Blades
  8527 | D:7      | XOM: scenery: 1 doors close
  9399 | D:8      | XOM: summons 1 hostile demon
  9623 | D:8      | Noticed Grum
  9648 | D:8      | XOM: divination: detect creatures
  9661 | D:8      | XOM: divine lightning
  9674 | D:8      | XOM: blink monster(s)
  9688 | D:8      | Killed Grum
  9689 | D:8      | Reached skill level 5 in Spellcasting
  9929 | D:8      | XOM: silly message
  9962 | D:8      | Found Kybost's Antique Weapon Shop.
  9962 | D:8      | XOM: 3-stop teleportation journey
 10027 | D:8      | Identified a scroll of acquirement
 10027 | D:8      | Acquired the +3 buckler of the Lily {rN+ Regen+ Int-3}
 10168 | D:8      | XOM: give mutations
 10168 | D:8      | Gained mutation: You are weak. (Str -2) [Xom's mischief]
 10168 | D:8      | Gained mutation: Your body sometimes deteriorates upon
                  | taking damage. [Xom's mischief]
 10168 | D:8      | Gained mutation: You are clumsy. (Dex -2) [Xom's mischief]
 10168 | D:8      | Gained mutation: Your body often deteriorates upon taking
                  | damage. [Xom's mischief]
 10213 | D:8      | XOM: give mutations
 10213 | D:8      | Lost mutation: Your body often deteriorates upon taking
                  | damage. [Xom's mischief]
 10213 | D:8      | Gained mutation: You sometimes lose the ability to read
                  | scrolls when taking damage. [Xom's mischief]
 10213 | D:8      | Gained mutation: Your body often deteriorates upon taking
                  | damage. [Xom's mischief]
 10213 | D:8      | Lost mutation: You are partially covered in large bone
                  | plates. (SH +4) [Xom's mischief]
 10254 | D:8      | XOM: give mutations
 10254 | D:8      | Lost mutation: You are clumsy. (Dex -2) [Xom's mischief]
 10254 | D:8      | Gained mutation: Your spells are a little easier to cast,
                  | but a little less powerful. [Xom's mischief]
 10254 | D:8      | Lost mutation: Your spells are a little easier to cast, but
                  | a little less powerful. [Xom's mischief]
 10254 | D:8      | Gained mutation: You are dopey. (Int -2) [Xom's mischief]
 10256 | D:8      | XOM: scenery: create altars
 10279 | D:8      | XOM: destruction
 10357 | D:8      | Lost mutation: You are dopey. (Int -2) [potion of mutation]
 10357 | D:8      | Lost mutation: You sometimes lose the ability to read
                  | scrolls when taking damage. [potion of mutation]
 10357 | D:8      | Lost mutation: Your body often deteriorates upon taking
                  | damage. [potion of mutation]
 10357 | D:8      | Gained mutation: You are clumsy. (Dex -2) [potion of
                  | mutation]
 10357 | D:8      | Gained mutation: You have a pair of small antennae on your
                  | head. [potion of mutation]
 10358 | D:8      | Lost mutation: You are weak. (Str -2) [potion of mutation]
 10358 | D:8      | Lost mutation: Your body sometimes deteriorates upon taking
                  | damage. [potion of mutation]
 10358 | D:8      | Gained mutation: You occasionally shout uncontrollably at
                  | your foes. [potion of mutation]
 10358 | D:8      | Lost mutation: You are clumsy. (Dex -2) [potion of
                  | mutation]
 10358 | D:8      | Gained mutation: You are agile. (Dex +2) [potion of
                  | mutation]
 10367 | D:8      | XOM: cast spell 'Summon Small Mammal'
 10376 | D:8      | Reached skill level 1 in Axes
 10437 | D:8      | XOM: 3-stop teleportation journey
 10530 | D:8      | XOM: confusion
 10669 | D:8      | Noticed a red ugly thing
 10671 | D:8      | XOM: swap monsters
 10686 | D:8      | Mangled by a red ugly thing

Illustrated notes

Levels and vault maps discovered:
D:1:      dpeg_arrival_water_temple_mockup, layout_basic
D:2:      layout_rooms, basic_altar, uniq_sigmund
D:3:      layout_loops_corners
D:4:      layout_cave_pools, fedhas_altar_fruit_tree, minmay_fractal_squares_5,
          uniq_natasha
D:5:      layout_basic, elyvilon_altar_3
D:6:      layout_loops_ring, nicolae_overflow_quartered_altars,
          nicolae_wu_jian_glorious_leap
D:7:      layout_basic, minmay_temple_entry_wispy, kennysheep_windowed_goal
D:8:      layout_cave_pods, serial_shops, shop, minivault_24,
          minmay_fractal_squares_gapless_5, uniq_grum

Skill      XL: |  1  2  3  4  5  6  7  8  9 |
---------------+----------------------------+-----
Fighting       | 4 5 6 |  6.9
Spellcasting   | 1 2 3 4 5 |  5.3
Long Blades    | 4 5 6 7 8 |  8.5
Dodging        | 3 4 5 6 |  6.0
Shields        | 1 2 4 |  4.1
Transmutations | 1 3 |  3.7
Axes           | 1 |  1.6
Evocations     | |  0.7

Action                   |  1- 3 |  4- 6 |  7- 9 || total
-------------------------+-------+-------+-------++-------
Melee: Falchion          |   111 |   136 |   368 ||   615
       Tailslap          |    19 |    17 |    69 ||   105
       Punch             |       |     2 |     1 ||     3
       War axe           |       |       |    44 ||    44
 Abil: Breathe Steam     |       |       |    16 ||    16
Evoke: Piece from Xom's  |       |     3 |     1 ||     4
       Wand              |       |       |     5 ||     5
  Use: Scroll            |     4 |     4 |    10 ||    18
       Potion            |       |     5 |     9 ||    14
 Stab: Sleeping          |     3 |       |     1 ||     4
       Invisible         |     1 |       |     5 ||     6
       Paralysed         |     1 |       |       ||     1
       Petrifying        |       |     2 |       ||     2
       Petrified         |       |     4 |       ||     4
       Confused          |       |       |     3 ||     3
Armor: Skin              |    41 |    71 |   128 ||   240
Dodge: Dodged            |    54 |   121 |   257 ||   432
Block: Other             |       |    24 |    34 ||    58
       Buckler           |       |       |   117 ||   117

Table legend: (Time is in decaauts)
 A = Elapsed time spent in this place.
 B = Non-inter-level travel time spent in this place.
 C = Inter-level travel time spent in this place.
 D = Time resting spent in this place.
 E = Time spent auto-exploring this place.
 F = Levels seen in this place.
 G = Mean time per level.
                   A        B        C        D        E       F      G
               +--------+--------+--------+--------+--------+-----+--------+
         Total |  10699 |  10333 |    366 |   1935 |   6617 |   8 | 1337.4 |
       Dungeon |  10699 |  10333 |    366 |   1935 |   6617 |   8 | 1337.4 |
               +--------+--------+--------+--------+--------+-----+--------+

Top non-repeatable levels by time:
     D:7: 1852 daAuts
     D:5: 1669 daAuts
     D:6: 1509 daAuts
     D:3: 1329 daAuts
     D:1: 1308 daAuts
     D:8: 1249 daAuts
     D:4: 1048 daAuts
     D:2: 732 daAuts
